 Dungeon Crawl Stone Soup version 0.21.1-1-g345015f (webtiles) character file.

2736 Wendigo the Grappler (level 9, -5/63 HPs)
             Began as a Demonspawn Fighter on July 11, 2018.
             Was a Follower of Kikubaaqudgha.
             Slain by a two-headed ogre
             ... wielding a +0 giant club
              (16 damage)
             ... on level 7 of the Dungeon.
             The game lasted 00:23:39 (8333 turns).

Wendigo the Grappler (Demonspawn Fighter)           Turns: 8333, Time: 00:23:40

Health: -5/63      AC: 11    Str: 20    XL:     9   Next: 40%
Magic:  5/9        EV:  9    Int:  9    God:    Kikubaaqudgha [*.....]
Gold:   336        SH:  5    Dex: 16    Spells: 5/8 levels left

rFire    . . .     SeeInvis +     - Unarmed
rCold    + . .     Gourm    .   x - +0 buckler
rNeg     . . .     Faith    .   v - +2 scale mail {rPois}
rPois    +         Spirit   .   (helmet unavailable)
rElec    .         Reflect  .   (no cloak)
rCorr    .         Harm     .   (no gloves)
MR       .....                  k - +2 pair of boots
Stlth    ..........             (no amulet)
HPRegen  0.20/turn              y - ring of see invisible
MPRegen  0.11/turn              l - +3 ring of dexterity

@: very slightly contaminated
A: claws 1, horns 3, cold resistance 1, freezing cloud immunity
a: Receive Corpses, Renounce Religion


You were on level 7 of the Dungeon.
You worshipped Kikubaaqudgha.
Kikubaaqudgha was aware of your devotion.
You were hungry.

You visited 2 branches of the dungeon, and saw 9 of its levels.
You also visited: Sewer.

You collected 385 gold pieces.
You spent 49 gold pieces at shops.

Inventory:

Armour
 c - a +1 shield
 k - a +2 pair of boots (worn)
 p - a +0 chain mail of cold resistance
 r - a +0 helmet
 v - a +2 scale mail of poison resistance (worn)
 x - a +0 buckler (worn)
Jewellery
 i - a +5 ring of intelligence
 l - a +3 ring of dexterity (right claw)
 o - an uncursed ring of loudness
 w - a -3 ring of strength
 y - a ring of see invisible (left claw)
 z - an uncursed ring of fire {unknown}
Wands
 m - a wand of enslavement (12)
 u - a wand of iceblast (11)
 B - a wand of random effects (26)
 C - a wand of acid (20)
 D - a wand of polymorph (9)
 F - a wand of flame (24)
 J - a wand of digging (12)
Scrolls
 a - 2 scrolls of fear
 d - 3 scrolls of remove curse
 e - 6 scrolls of identify
 j - 2 scrolls of amnesia
 q - a scroll of enchant armour
 E - 2 scrolls of blinking
 G - 2 scrolls of random uselessness
 H - a scroll of fog
 I - a scroll of teleportation
Potions
 b - 2 potions of magic
 g - 2 potions of mutation
 h - 2 potions of curing
 n - a potion of flight {unknown}
 s - a potion of haste {unknown}
 t - a potion of heal wounds
 A - 3 potions of brilliance {unknown}
 K - a potion of resistance {unknown}
 L - a potion of lignification {unknown}
 N - 2 potions of berserk rage {unknown}
Books
 M - a book of Air

   Spells                             Type                      Level
   a - Shock                          Conjuration/Air              1
   b - Swiftness                      Charms/Air                   2
   c - Static Discharge               Conjuration/Air              3
   d - Airstrike                      Air                          4
   e - Lightning Bolt                 Conjuration/Air              5
 O - Kikubaaqudgha's Compendium of Sinister Rites
   (Kikubaaqudgha gifted it to you on level 7 of the Dungeon)

   Spells                             Type                      Level
   a - Pain                           Necromancy                   1
   b - Corpse Rot                     Necromancy                   2
   c - Sublimation of Blood           Necromancy                   2
   d - Vampiric Draining              Necromancy                   3
 P - a book of Geomancy

   Spells                             Type                      Level
   a - Sandblast                      Earth                        1
   b - Passwall                       Transmutation/Earth          2
   c - Stone Arrow                    Conjuration/Earth            3
   d - Petrify                        Transmutation/Earth          4
   e - Lee's Rapid Deconstruction     Earth                        5
Comestibles
 f - 11 rations


   Skills:
 - Level 3.0 Fighting
   Level 2.2 Long Blades
 - Level 2.7 Armour
 - Level 4.0 Shields
 + Level 10.0 Unarmed Combat
 + Level 5.9 Necromancy


You had 5 spell levels left.
You knew the following spells:

 Your Spells              Type           Power        Failure   Level  Hunger
a - Vampiric Draining     Necr           ##........   28%         3    ####...


Dungeon Overview and Level Annotations

Branches:
Dungeon (8/15)             Temple (1/1) D:4
   Lair: D:8-11

Altars:
Ashenzari
Cheibriados
Dithmenos
Elyvilon
Fedhas
Gozag
Hepliaklqana
Kikubaaqudgha
Makhleb
Nemelex Xobeh
Okawaru
Qazlal
Ru
Sif Muna
Trog
Uskayaw
Wu Jian
Xom
Yredelemnul
Zin
The Shining One

Shops:
D:4 [

Annotations:
D:1 exclusion: downstairs
D:2 exclusion: downstairs
D:3 2 transporters
D:6 exclusion: downstairs
D:7 exclusion: downstairs


Innate Abilities, Weirdness & Mutations

You have sharp fingernails.
You have a pair of large horns on your head.
Your flesh is cold resistant. (rC+)
You are immune to freezing clouds.


Message History

You miscast Vampiric Draining.
Nothing appears to happen.
The two-headed ogre hits you with a giant club!
* * * LOW HITPOINT WARNING * * *
The two-headed ogre hits you with a giant spiked club!
* * * LOW HITPOINT WARNING * * *
You hear a distant blaring wail to the northeast.
There is a stone staircase leading up here.
You block the two-headed ogre's attack. The two-headed ogre barely misses you.
You climb upwards.
Level annotation: exclusion: downstairs
There is a stone staircase leading down here.
Okay, then.
As you read the scroll of fear, it crumbles to dust.
You assume a fearsome visage.
The two-headed ogre looks frightened!
The two-headed ogre cries, "Mercy!"
Okay, then.
The two-headed ogre seems to regain its courage.
The two-headed ogre hits you with a giant club!
You die...
Kikubaaqudgha rasps: "You have failed me!
Welcome... death!"

...##.##...###...P.P.##
####..##....##.......#
.....###....###'[...##
###### #....###)#####
#.....#....#
#####.#....#####
#.#........#
#....[...[.#
##..O@...).#
#...##....# ##..##.####
#..##.# ##..##.#
#..>#..# #####.###
#...# ###.#


You could see a two-headed ogre.

Vanquished Creatures
  Grinder (D:2)
  2 orc warriors (D:7)
  Purgy (Sewer)
  A black bear (D:7)
  An ice beast (D:7)
  A sky beast (D:7)
  An ogre (D:7)
  A phantom (D:5)
  3 centaurs
  A crocodile (D:6)
  A bullfrog (D:6)
  A wight (D:7)
  10 killer bees (D:7)
  2 howler monkeys (D:7)
  2 crimson imps (D:5)
  A quasit (D:6)
  A centaur zombie (D:7)
  2 orc priests
  2 jellies
  An orc wizard (D:5)
  A bullfrog skeleton (D:7)
  Jessica (D:3)
  Ijyb (D:3)
  Terence (D:2)
  7 worker ants
  The ghost of dscm the Ducker, a weakling DsGl (D:3)
  2 worker ant zombies
  Robin (D:3)
  6 gnolls
  A howler monkey skeleton (D:6)
  8 adders
  An ooze (D:7)
  2 adder skeletons
  2 worms
  A dart slug (D:3)
  2 leopard geckos
  15 orcs
  2 ball pythons
  6 giant cockroaches
  13 goblins
  13 hobgoblins
  8 jackals
  7 kobolds
  A quokka (D:3)
  A ball python skeleton (D:5)
  8 bats
  7 frilled lizards
  7 rats
  A plant (D:3)
163 creatures vanquished.

Vanquished Creatures (others)
  2 plants (D:3)
2 creatures vanquished.

Grand Total: 165 creatures vanquished

Notes
Turn   | Place    | Note
-------+----------+-------------------------------------------
     0 | D:1      | Wendigo the Demonspawn Fighter began the quest for the Orb.
     0 | D:1      | Reached XP level 1. HP: 18/18 MP: 1/1
   324 | D:1      | Gained mutation: You have sharp fingernails. [demonic ancestry]
   324 | D:1      | Reached XP level 2. HP: 21/24 MP: 2/2
   840 | D:1      | Reached skill level 1 in Unarmed Combat
   991 | D:1      | Found a glowing golden altar of the Shining One.
  1269 | D:2      | Noticed Terence
  1518 | D:2      | Reached XP level 3. HP: 29/29 MP: 3/3
  1630 | D:2      | Reached skill level 2 in Unarmed Combat
  1845 | D:2      | Killed Terence
  1845 | D:2      | Reached skill level 3 in Unarmed Combat
  1845 | D:2      | Gained mutation: Your flesh is cold resistant. (rC+) [demonic ancestry]
  1845 | D:2      | Reached XP level 4. HP: 15/35 MP: 4/4
  2483 | D:3      | Found a transporter.
  2492 | D:3      | Found a transporter.
  2507 | D:3      | Noticed dscm's ghost (weakling DsGl)
  2590 | D:3      | Noticed Grinder
  2591 | D:3      | Noticed Robin
  2729 | D:3      | Killed Robin
  2752 | D:2      | Killed Grinder
  2752 | D:2      | Reached skill level 5 in Unarmed Combat
  2752 | D:2      | Gained mutation: You are immune to freezing clouds. [demonic ancestry]
  2752 | D:2      | Reached XP level 5. HP: 3/41 MP: 5/5
  2752 | D:2      | Gained mutation: You have a pair of small horns on your head. [demonic ancestry]
  2752 | D:2      | Reached XP level 6. HP: 4/47 MP: 6/6
  3162 | D:3      | Noticed Jessica
  3177 | D:3      | Killed Jessica
  3204 | D:3      | Noticed Ijyb
  3221 | D:3      | Killed Ijyb
  3233 | D:3      | Killed dscm's ghost
  3498 | D:3      | Reached skill level 6 in Unarmed Combat
  3934 | D:4      | Found a shadowy altar of Dithmenos.
  4300 | D:4      | Found Soninn's Armour Shoppe.
  4330 | D:4      | Bought a +0 buckler for 49 gold pieces
  4351 | D:4      | Found a staircase to the Ecumenical Temple.
  4404 | Temple   | Entered the Ecumenical Temple
  4765 | Temple   | Became a worshipper of Kikubaaqudgha
  5041 | D:5      | Entered Level 5 of the Dungeon
  5098 | D:5      | Reached XP level 7. HP: 31/52 MP: 7/7
  5282 | D:5      | Found a hide-covered altar of Uskayaw.
  5326 | D:5      | Found a glowing golden altar of the Shining One.
  5413 | D:5      | Found a glowing drain.
  5438 | Sewer    | Entered a sewer
  5459 | Sewer    | Noticed Purgy
  5476 | Sewer    | Killed Purgy
  5808 | D:5      | Found a white marble altar of Elyvilon.
  5852 | D:5      | Reached skill level 7 in Unarmed Combat
  6061 | D:6      | Gained mutation: You have a pair of horns on your head. [demonic ancestry]
  6061 | D:6      | Reached XP level 8. HP: 58/58 MP: 8/8
  6248 | D:6      | Reached skill level 8 in Unarmed Combat
  6745 | D:7      | Reached * piety under Kikubaaqudgha
  6745 | D:7      | Identified Kikubaaqudgha's Compendium of Sinister Rites (Kikubaaqudgha gifted it to you on level 7 of the Dungeon)
  6745 | D:7      | Received a gift from Kikubaaqudgha
  6751 | D:7      | Learned a level 3 spell: Vampiric Draining
  6756 | D:7      | Found a basalt altar of Yredelemnul.
  6763 | D:7      | Reached skill level 1 in Necromancy
  6794 | D:7      | Reached skill level 9 in Unarmed Combat
  7184 | D:7      | Gained mutation: You have a pair of large horns on your head. [demonic ancestry]
  7184 | D:7      | Reached XP level 9. HP: 49/63 MP: 9/9
  7392 | D:7      | Reached skill level 5 in Necromancy
  7919 | D:7      | Found a burning altar of Makhleb.
  7919 | D:7      | Found an opulent altar of Gozag.
  7920 | D:7      | Found an iron altar of Okawaru.
  7920 | D:7      | Found a blossoming altar of Fedhas.
  8028 | D:7      | Reached skill level 10 in Unarmed Combat
  8304 | D:8      | Noticed a two-headed ogre
  8333 | D:7      | Slain by a two-headed ogre

Skill      XL: |  1  2  3  4  5  6  7  8  9 |
---------------+----------------------------+-----
Long Blades    | 2 |  2.2
Unarmed Combat | 1 3 5 6 7 9 10 | 10.0
Shields        | 3 4 |  4.0
Necromancy     | 4 5 |  5.9
Fighting       | |  3.0
Armour         | |  2.7

Action                   |  1- 3 |  4- 6 |  7- 9 || total
-------------------------+-------+-------+-------++-------
Melee: Long sword        |    18 |       |       ||    18
       Unarmed           |   149 |   180 |   290 ||   619
       Headbutt          |       |    21 |    53 ||    74
Evoke: Wand              |       |       |     1 ||     1
  Use: Scroll            |     2 |    10 |     4 ||    16
       Potion            |     1 |       |     2 ||     3
  Eat: Chunk             |     3 |     8 |     9 ||    20
       Ration            |       |     1 |       ||     1
Armor: Scale mail        |    43 |    15 |   124 ||   182
       Chain mail        |       |    48 |       ||    48
Dodge: Dodged            |    33 |    18 |   121 ||   172
Block: Shield            |    64 |    62 |       ||   126
       Buckler           |       |     6 |    63 ||    69
       Rpst.: Long sword |     3 |       |       ||     3
